AoeStats
← tobenderwolf05

Arena

510400026Analyzed
4v4 RM · 1d ago on Sep 30, 2026· 65m 24s· 8 players
Game mode
Random Map
Map size
Large (8 player)
Population
200
Speed
Normal
Resources
Standard
Victory
Conquest
Starting age
Dark Age
Ending age
Imperial Age
RankedLock teamsTeams togetherTeam positionsShared explorationLock speedFull tech treeHidden civsTurbo modeCheats
Victory
Defeat
🇫🇷 Chinese · France
1048
+17
🇳🇿 Japanese · New Zealand
1038
+18
🇹🇷 Magyars · Türkiye
1036
+18
🇺🇸 Lithuanians · United States
1028
+18
🇩🇪 Japanese · Germany
1173
-22
🇩🇪 Spanish · Germany
1088
-18
🇩🇪 Bengalis · Germany
1045
-17
🇩🇪 Varangians · Germany
990
-14
MK 9
10:44 Feudal Age
11:14 Double-Bit Axe
11:11 Horse Collar
15:05 Loom
17:25 Castle Age
15:49 Gold Mining
15:49 Stone Mining
18:47 Wheelbarrow
19:33 Bow Saw
21:04 Hand Cart
20:56 Heavy Plow
23:15 Fletching
23:25 Padded Archer Armor
25:46 Fervor
26:10 Treadmill Crane
26:16 Treadmill Crane
30:43 Imperial Age
28:00 Town Watch
28:28 Bodkin Arrow
28:49 Leather Archer Armor
29:03 Ballistics
28:55 Fortified Wall
29:15 Murder Holes
29:31 Masonry
30:20 Pikeman
31:19 Leather Archer Armor
31:17 Forging
31:12 Scale Barding Armor
31:07 Scale Mail Armor
32:20 Conscription
32:04 Tower Shields
32:10 Elite Skirmisher
33:19 Thumb Ring
34:36 Two-Man Saw
34:17 Bracer
34:48 Ring Archer Armor
35:38 Chemistry
35:11 Architecture
36:07 Town Patrol
36:57 Hoardings
36:51 Capped Ram
38:39 Hoardings
38:54 Iron Casting
38:34 Chain Mail Armor
38:39 Chain Barding Armor
38:24 Husbandry
38:34 Bloodlines
42:09 Plate Barding Armor
43:12 Elite Leitis
48:52 Light Cavalry
49:34 Winged Hussar
51:40 Cavalier
54:36 Bombard Tower
61:41 Stone Shaft Mining
Amongstars
4:20 Loom
11:28 Feudal Age
11:57 Double-Bit Axe
11:54 Horse Collar
17:01 Castle Age
15:16 Gold Mining
16:24 Scale Barding Armor
17:52 Bow Saw
17:45 Heavy Plow
25:00 Wheelbarrow
26:05 Gold Shaft Mining
25:22 Stone Mining
26:28 Hand Cart
30:57 Imperial Age
28:41 Bloodlines
28:41 Husbandry
29:24 Chain Barding Armor
31:01 Cavalier
32:36 Plate Barding Armor
33:10 Light Cavalry
35:25 Conscription
35:08 Corvinian Army
35:26 Hussar
37:01 Crop Rotation
37:12 Elite Magyar Huszar
39:54 Paladin
gombert.alexandre
1:33 Loom
12:20 Feudal Age
12:46 Double-Bit Axe
14:16 Wheelbarrow
13:51 Horse Collar
18:37 Castle Age
16:50 Stone Mining
19:41 Bow Saw
22:17 Hand Cart
25:07 Fletching
26:20 Gold Mining
26:31 Heavy Plow
28:26 Town Watch
32:46 Imperial Age
30:54 Gold Shaft Mining
30:23 Padded Archer Armor
31:37 Bodkin Arrow
33:03 Stone Shaft Mining
32:49 Leather Archer Armor
34:33 Conscription
34:19 Bracer
35:04 Ballistics
36:00 Two-Man Saw
35:34 Ring Archer Armor
36:43 Heavy Rocket Cart
42:03 Elite Skirmisher
49:13 Thumb Ring
49:14 Crossbowman
50:23 Arbalester
56:20 Chemistry
56:03 Capped Ram
59:03 Pikeman
59:52 Scale Mail Armor
61:18 Forging
64:16 Squires
64:37 Chain Mail Armor
scrawnny12
10:44 Feudal Age
11:30 Double-Bit Axe
11:28 Horse Collar
15:29 Castle Age
17:18 Bow Saw
17:49 Heavy Plow
21:52 Wheelbarrow
23:05 Gold Mining
25:08 Gold Shaft Mining
30:01 Imperial Age
27:48 Hand Cart
27:22 Loom
27:22 Town Watch
28:13 Stone Mining
28:16 Fletching
28:28 Padded Archer Armor
28:50 Ballistics
28:12 Treadmill Crane
28:55 Ballistics
29:28 Bodkin Arrow
29:01 Pikeman
30:44 Bracer
31:47 Chemistry
30:59 Bloodlines
30:50 Husbandry
31:33 Conscription
31:33 Kataparuto
31:37 Leather Archer Armor
32:24 Parthian Tactics
31:21 Heavy Cavalry Archer
32:39 Thumb Ring
33:37 Ring Archer Armor
36:13 Yasama
36:38 Siege Engineers
36:27 Guard Tower
36:23 Arrowslits
36:50 Masonry
61:03 Keep
60:24 Murder Holes
63:24 Fortified Wall
63:23 Elite Skirmisher
leon36
10:47 Feudal Age
15:02 Castle Age
13:29 Double-Bit Axe
14:26 Horse Collar
16:46 Bow Saw
17:31 Wheelbarrow
19:52 Gold Mining
22:48 Hand Cart
22:54 Heavy Plow
24:49 Gold Shaft Mining
25:31 Loom
26:39 Stone Mining
29:43 Imperial Age
27:13 Fletching
27:58 Bodkin Arrow
28:26 Ballistics
28:17 Masonry
28:21 Fortified Wall
29:32 Town Watch
29:55 Padded Archer Armor
30:43 Bracer
30:58 Leather Archer Armor
31:50 Chemistry
32:59 Two-Man Saw
32:16 Bloodlines
32:07 Husbandry
32:41 Elite Elephant Archer
35:35 Paiks
35:51 Conscription
39:06 Ring Archer Armor
41:55 Light Cavalry
46:01 Scale Barding Armor
46:06 Forging
51:26 Chain Barding Armor
51:42 Iron Casting
Samiotis
10:14 Feudal Age
14:26 Castle Age
12:35 Horse Collar
13:30 Double-Bit Axe
15:44 Bow Saw
21:51 Gold Mining
23:15 Wheelbarrow
22:55 Stone Mining
23:24 Loom
24:41 Gold Shaft Mining
26:22 Fortified Wall
29:58 Imperial Age
27:46 Hand Cart
27:19 Town Watch
28:15 Fletching
28:25 Padded Archer Armor
29:05 Elite Skirmisher
29:28 Pikeman
30:08 Squires
30:11 Bodkin Arrow
30:32 Leather Archer Armor
32:01 Chemistry
31:10 Bracer
30:47 Halberdier
32:51 Ballistics
34:08 Elite Samurai
34:54 Scale Mail Armor
35:05 Forging
35:25 Ring Archer Armor
37:19 Chain Mail Armor
37:40 Iron Casting
39:13 Arson
41:20 Conscription
41:35 Capped Ram
48:47 Murder Holes
48:57 Siege Engineers
51:40 Plate Mail Armor
52:11 Blast Furnace
Chrisu Feuerwehrmann
11:04 Feudal Age
15:14 Castle Age
13:19 Double-Bit Axe
13:39 Horse Collar
15:12 Stone Mining
16:42 Bow Saw
20:54 Heavy Plow
29:41 Imperial Age
27:37 Pikeman
28:18 Squires
28:03 Gambesons
28:35 Forging
28:26 Scale Mail Armor
30:00 Iron Casting
31:41 Conscription
34:01 Blast Furnace
32:32 Halberdier
34:15 Chain Mail Armor
35:13 Wheelbarrow
36:15 Gold Mining
37:08 Husbandry
37:18 Bloodlines
36:31 Light Cavalry
37:32 Hussar
38:37 Onager
42:27 Scale Barding Armor
47:41 Town Watch
47:42 Loom
52:13 Loom
tobenderwolf05
11:22 Feudal Age
9:37 Loom
13:06 Double-Bit Axe
15:43 Castle Age
14:07 Horse Collar
15:16 Gold Mining
16:07 Pikeman
25:26 Stone Mining
25:49 Bow Saw
27:29 Scale Mail Armor
28:49 Wheelbarrow
29:12 Heavy Plow
29:59 Hand Cart
30:22 Treadmill Crane
30:54 Masonry
30:34 Light Cavalry
31:27 Bloodlines
31:13 Town Watch
34:25 Imperial Age
32:51 Ballistics
34:20 Scale Barding Armor
34:25 Forging
35:27 Conscription
34:29 Gothikon
35:55 Crop Rotation
36:02 Elite Jarl
37:06 Town Patrol
36:51 Hussar
38:05 Chain Barding Armor
38:20 Iron Casting
39:20 Two-Man Saw
39:01 Stone Shaft Mining
39:09 Cavalier
39:50 Husbandry
42:13 Plate Barding Armor
42:39 Blast Furnace
43:02 Halberdier
43:05 Elite Varangian Guard
44:37 Squires
44:57 Chain Mail Armor
44:07 Halberdier
46:03 Elite Skirmisher
53:17 Fletching
53:27 Padded Archer Armor
54:48 Bodkin Arrow
55:24 Leather Archer Armor
Connection lost

Rejoining the realm…

Still unreachable

The connection could not be restored.

Session expired

The server has moved on; the page needs a fresh start.